AoeStats
← Diamante

Arena

508874146Analyzed
4v4 RM · 6d ago on Sep 24, 2026· 42m 5s· 8 players
Game mode
Random Map
Map size
Large (8 player)
Population
200
Speed
Normal
Resources
Standard
Victory
Conquest
Starting age
Dark Age
Ending age
Imperial Age
RankedLock teamsTeams togetherTeam positionsShared explorationLock speedFull tech treeHidden civsTurbo modeCheats
Victory
Defeat
1215
+16
🇲🇽 Saxons · Mexico
1185
+17
🇬🇷 Hindustanis · Greece
1165
+18
🇹🇼 Franks · Taiwan
1151
+20
🇰🇷 Saxons · South Korea
1225
-18
🇨🇳 Romans · China
1217
-18
🇦🇷 Magyars · Argentina
1216
-18
🇨🇳 Burgundians · China
1210
-17
TheRev9426
11:04 Feudal Age
12:15 Double-Bit Axe
15:00 Castle Age
14:53 Loom
16:12 Bow Saw
15:55 Horse Collar
17:12 Loom
19:43 Gold Mining
22:45 Wheelbarrow
23:30 Fletching
23:41 Padded Archer Armor
28:05 Hand Cart
27:46 Gold Mining
27:46 Stone Mining
31:28 Imperial Age
29:35 Town Watch
30:34 Leather Archer Armor
30:17 Bodkin Arrow
30:22 Scale Mail Armor
30:32 Forging
30:23 Scale Mail Armor
31:32 Squires
32:35 Conscription
31:38 Shield Wall
32:38 Arson
32:57 Bracer
33:33 Iron Casting
33:13 Chain Mail Armor
37:37 Plate Mail Armor
37:56 Guilds
37:50 Heavy Plow
39:51 Crop Rotation
39:07 Elite Hearth Troop
41:59 Two-Man Saw
41:46 Treadmill Crane
43:07 Chemistry
Mazus
11:28 Feudal Age
9:44 Loom
15:48 Castle Age
13:59 Double-Bit Axe
16:48 Wheelbarrow
16:57 Bow Saw
20:00 Gold Mining
24:41 Gold Shaft Mining
27:31 Imperial Age
25:38 Forging
25:35 Scale Barding Armor
25:55 Hand Cart
26:03 Town Watch
26:51 Husbandry
27:14 Fervor
27:48 Iron Casting
27:29 Stone Mining
27:32 Cavalier
29:07 Chain Barding Armor
30:07 Paladin
31:56 Caravan
33:20 Light Cavalry
35:28 Blast Furnace
35:04 Plate Barding Armor
35:59 Chemistry
37:17 Scale Mail Armor
38:08 Conscription
Hbx_蒙古国海军司令
10:58 Feudal Age
14:37 Castle Age
12:47 Double-Bit Axe
13:59 Horse Collar
15:48 Loom
16:58 Bow Saw
17:07 Heavy Plow
26:22 Wheelbarrow
26:29 Scale Mail Armor
26:47 Gold Mining
26:47 Stone Mining
31:09 Imperial Age
30:14 Hand Cart
31:07 Chain Mail Armor
31:03 Forging
31:57 Gold Shaft Mining
31:58 Stone Shaft Mining
32:37 Conscription
32:03 Northmen's Fury
33:20 Hoardings
32:09 Onager
32:34 Capped Ram
32:43 Elite Varangian Guard
33:08 Arson
33:24 Squires
33:09 Gambesons
32:54 Hamask
33:41 Siege Onager
35:05 Town Watch
35:21 Fletching
35:32 Padded Archer Armor
37:52 Plate Mail Armor
37:58 Iron Casting
37:22 Elite Jomsviking
gpal23
6:13 Loom
11:18 Feudal Age
11:55 Horse Collar
17:47 Castle Age
16:02 Double-Bit Axe
18:45 Bow Saw
21:53 Wheelbarrow
23:47 Forging
24:56 Scale Mail Armor
24:35 Pikeman
25:44 Hand Cart
26:22 Gold Mining
30:47 Imperial Age
29:18 Scale Barding Armor
29:14 Padded Archer Armor
29:04 Fletching
29:28 Bloodlines
29:18 Husbandry
29:20 Squires
29:57 Ballistics
30:55 Chain Barding Armor
31:19 Leather Archer Armor
32:59 Chemistry
32:18 Thumb Ring
32:03 Heavy Camel Rider
33:21 Conscription
34:40 Heavy Plow
35:17 Plate Barding Armor
35:18 Iron Casting
35:55 Ring Archer Armor
36:33 Imperial Camel Rider
39:34 Siege Engineers
爱期满后
7:44 Loom
10:44 Feudal Age
11:12 Double-Bit Axe
15:45 Castle Age
13:56 Horse Collar
17:18 Bow Saw
21:35 Heavy Plow
23:12 Wheelbarrow
23:31 Gold Mining
25:27 Gold Shaft Mining
24:42 Stone Mining
25:39 Scale Barding Armor
26:02 Hand Cart
28:10 Bloodlines
28:00 Husbandry
30:35 Imperial Age
29:18 Corvinian Army
29:48 Chain Barding Armor
29:31 Husbandry
30:22 Fletching
30:32 Padded Archer Armor
31:15 Ballistics
31:06 Masonry
30:40 Treadmill Crane
31:23 Elite Magyar Huszar
33:09 Hoardings
33:26 Conscription
34:11 Plate Barding Armor
33:31 Bodkin Arrow
33:52 Leather Archer Armor
34:47 Parthian Tactics
34:28 Thumb Ring
35:08 Recurve Bow
36:10 Recurve Bow
36:05 Town Watch
35:59 Heavy Cavalry Archer
38:24 Chemistry
Diamante
10:04 Feudal Age
14:06 Castle Age
12:35 Double-Bit Axe
12:55 Horse Collar
15:30 Bow Saw
16:41 Loom
22:46 Wheelbarrow
22:32 Gold Mining
23:03 Heavy Plow
24:56 Gold Shaft Mining
25:18 Hand Cart
27:52 Man-at-Arms
28:18 Gambesons
28:33 Squires
28:19 Arson
28:46 Scale Mail Armor
28:57 Forging
31:37 Imperial Age
28:53 Long Swordsman
30:43 Pikeman
31:51 Capped Ram
32:49 Chain Mail Armor
33:11 Iron Casting
33:10 Conscription
33:00 Two-Handed Swordsman
33:31 Halberdier
37:22 Plate Mail Armor
36:43 Fletching
36:51 Stone Mining
36:35 Champion
38:05 Town Watch
37:52 Shield Wall
41:28 Ballistics
42:09 Chemistry
MyGO.Soyo
12:12 Feudal Age
14:01 Wheelbarrow
13:12 Loom
16:38 Castle Age
14:54 Double-Bit Axe
14:51 Horse Collar
16:21 Scale Mail Armor
17:43 Bow Saw
17:36 Heavy Plow
17:37 Loom
18:47 Fervor
26:35 Hand Cart
31:15 Imperial Age
28:56 Gold Mining
28:57 Stone Mining
30:37 Gold Shaft Mining
30:40 Ballistics
30:36 Ballistas
31:28 Chain Mail Armor
31:23 Forging
31:23 Heavy Scorpion
31:24 Capped Ram
33:27 Chemistry
32:53 Siege Engineers
32:56 Siege Ram
34:17 Pikeman
34:58 Squires
35:38 Conscription
35:33 Halberdier
36:52 Iron Casting
39:37 Blast Furnace
LLK是给
3:46 Double-Bit Axe
6:17 Horse Collar
11:54 Feudal Age
13:13 Bow Saw
15:43 Castle Age
13:49 Heavy Plow
17:20 Wheelbarrow
17:08 Loom
18:12 Gold Mining
19:12 Scale Barding Armor
21:48 Forging
22:03 Town Watch
Connection lost

Rejoining the realm…

Still unreachable

The connection could not be restored.

Session expired

The server has moved on; the page needs a fresh start.